TOP OF THE 1ST |
Maris School batting - Pitching for Bishop Amat HS : RHP William Roy
|
Pitching: RHP William Roy
|
|
Batting: RHB Ed Jackson
|
0-0: Ball 1-0: Bunted foul 1-1: Ball 2-1: Ball 3-1: Called Strike 3-2: Base on Balls
|
Batting: RHB Dave McGuire
|
0-0: Called Strike 0-1: Ball 1-1: Foul Ball, location: 2F 1-2: Strikes out swinging
|
Batting: RHB Dan Duckworth
|
0-0: Called Strike 0-1: Ball 1-1: Grounds into double play, 5-4-3 (Groundball, 56)
|
Top of the 1st over - 0 run(s), 0 hit(s), 0 error(s), 0 left on base; Maris School 0 - Bishop Amat HS 0 |
BOTTOM OF THE 1ST |
Bishop Amat HS batting - Pitching for Maris School : LHP Brant Goff
|
Pitching: LHP Brant Goff
|
|
Batting: RHB Lou Perry
|
0-0: Ball 1-0: Ball 2-0: Ball 3-0: Called Strike 3-1: Base on Balls
|
Batting: RHB Ken Pérez
|
0-0: Called Strike 0-1: Ball 1-1: Foul Ball, location: 2F 1-2: Ball 2-2: SINGLE (Line Drive, 4D) Lou Perry to second
|
Batting: LHB Mathew Clayton
|
0-0: Called Strike 0-1: Foul Ball, location: 2F 0-2: Hit by Pitch Lou Perry to third Ken Pérez to second
|
Batting: RHB Ralph Petit
|
0-0: Called Strike 0-1: SINGLE (Flyball, 89S) Lou Perry scores Ken Pérez to third Mathew Clayton to second
|
Batting: RHB Jim Norris
|
0-0: SINGLE (Groundball, 6D) Ken Pérez scores Mathew Clayton to third Ralph Petit to second Runner from 3rd tries for Home, SAFE, no throw or cutoff
|
Batting: RHB Steve Bańuelos
|
0-0: Swinging Strike 0-1: Called Strike 0-2: Ball 1-2: Ball 2-2: Ball 3-2: Strikes out swinging
|
Batting: RHB Ben Martin
|
0-0: Swinging Strike 0-1: Called Strike 0-2: Ball 1-2: Fly out, F3 (Popup, 23F)
|
Batting: RHB Andrew Miller
|
0-0: Ball 1-0: Swinging Strike 1-1: Foul Ball, location: 2F 1-2: Fly out, F8 (Flyball, 8RM)
|
Bottom of the 1st over - 3 run(s), 3 hit(s), 0 error(s), 2 left on base; Maris School 0 - Bishop Amat HS 3 |
TOP OF THE 2ND |
Maris School batting - Pitching for Bishop Amat HS : RHP William Roy
|
Batting: RHB John Scammell
|
0-0: Called Strike 0-1: Fly out, F8 (Line Drive, 8RM)
|
Batting: LHB Ryan Martin
|
0-0: Ball 1-0: Called Strike 1-1: Called Strike 1-2: Foul Ball, location: 2F 1-2: Ground out 4-3 (Groundball, 4)
|
Batting: RHB Bruce Adams
|
0-0: Called Strike 0-1: Called Strike 0-2: Strikes out looking
|
Top of the 2nd over - 0 run(s), 0 hit(s), 0 error(s), 0 left on base; Maris School 0 - Bishop Amat HS 3 |
BOTTOM OF THE 2ND |
Bishop Amat HS batting - Pitching for Maris School : LHP Brant Goff
|
Batting: RHB Alan Williams
|
0-0: Foul Ball, location: 2F 0-1: Foul Ball, location: 2F 0-2: Ball 1-2: Strikes out swinging
|
Batting: RHB Lou Perry
|
0-0: Reached on error, E5 (Groundball, 5S)
|
Batting: RHB Ken Pérez
|
0-0: Foul Ball, location: 2F 0-1: Ball 1-1: Ball 2-1: SINGLE (Groundball, 56D) Lou Perry to second
|
Batting: LHB Mathew Clayton
|
0-0: Ball 1-0: Ball 2-0: Ball 3-0: Base on Balls Lou Perry to third Ken Pérez to second
|
Batting: RHB Ralph Petit
|
0-0: Ball 1-0: Ground out 5-3 (Groundball, 5S) Lou Perry scores Ken Pérez to third Mathew Clayton to second
|
Batting: RHB Jim Norris
|
0-0: Fly out, F7 (Flyball, 7M)
|
Bottom of the 2nd over - 1 run(s), 1 hit(s), 1 error(s), 2 left on base; Maris School 0 - Bishop Amat HS 4 |
TOP OF THE 3RD |
Maris School batting - Pitching for Bishop Amat HS : RHP William Roy
|
Batting: RHB Doug Carter
|
0-0: Ball 1-0: Ground out 6-3 (Groundball, 6)
|
Batting: LHB Dustin Wesman
|
0-0: Called Strike 0-1: Ball 1-1: Ball 2-1: SINGLE (Line Drive, 4MD)
|
Batting: RHB Jared Chávez
|
0-0: Ball 1-0: Ball 2-0: Called Strike 2-1: Fly out, F6 (Popup, 5D)
|
Batting: RHB Ed Jackson
|
0-0: Ball 1-0: Foul Ball, location: 2F 1-1: Reached on error, E5 (Groundball, 56S) Dustin Wesman to second
|
Batting: RHB Dave McGuire
|
0-0: Called Strike 0-1: Ball 1-1: Ball 2-1: Ball 3-1: Called Strike 3-2: Foul Ball, location: 2F 3-2: Strikes out swinging
|
Top of the 3rd over - 0 run(s), 1 hit(s), 1 error(s), 2 left on base; Maris School 0 - Bishop Amat HS 4 |
BOTTOM OF THE 3RD |
Bishop Amat HS batting - Pitching for Maris School : LHP Brant Goff
|
Batting: RHB Steve Bańuelos
|
0-0: Ball 1-0: Ball 2-0: Ball 3-0: Base on Balls
|
Batting: RHB Ben Martin
|
0-0: Fielders Choice at 2nd, 5-4 (Groundball, 56)
|
Batting: RHB Andrew Miller
|
0-0: Ball 1-0: Called Strike 1-1: Called Strike 1-2: Strikes out swinging
|
Batting: RHB Alan Williams
|
0-0: Called Strike 0-1: Ball 1-1: Hit by Pitch Ben Martin to second
|
Batting: RHB Lou Perry
|
0-0: Foul Ball, location: 2F 0-1: Ball 1-1: Ball 2-1: Fly out, F9 (Flyball, 9LMF)
|
Bottom of the 3rd over - 0 run(s), 0 hit(s), 0 error(s), 2 left on base; Maris School 0 - Bishop Amat HS 4 |
TOP OF THE 4TH |
Maris School batting - Pitching for Bishop Amat HS : RHP William Roy
|
Batting: RHB Dan Duckworth
|
0-0: Swinging Strike 0-1: Ball 1-1: Ball 2-1: Swinging Strike 2-2: Foul Ball, location: 2F 2-2: Strikes out swinging
|
Batting: RHB John Scammell
|
0-0: Ball 1-0: SOLO HOME RUN (Flyball, 78XD), Distance : 407 ft
|
Batting: LHB Ryan Martin
|
0-0: Ball 1-0: Foul Ball, location: 2F 1-1: Fly out, F7 (Flyball, 78M)
|
Batting: RHB Bruce Adams
|
0-0: Foul Ball, location: 2F 0-1: Ball 1-1: Ball 2-1: Ball 3-1: Base on Balls
|
Batting: RHB Doug Carter
|
0-0: Called Strike 0-1: Foul Ball, location: 2F 0-2: Ball Bruce Adams steals 2nd base 1-2: Strikes out swinging
|
Top of the 4th over - 1 run(s), 1 hit(s), 0 error(s), 1 left on base; Maris School 1 - Bishop Amat HS 4 |
BOTTOM OF THE 4TH |
Bishop Amat HS batting - Pitching for Maris School : LHP Brant Goff
|
Batting: RHB Ken Pérez
|
0-0: Foul Ball, location: 2F 0-1: DOUBLE (Flyball, 78M)
|
Batting: LHB Mathew Clayton
|
0-0: Ball 1-0: Ball 2-0: Called Strike 2-1: Fly out, F8 (Flyball, 89M)
|
Batting: RHB Ralph Petit
|
0-0: Called Strike 0-1: Ball 1-1: Fly out, F8 (Line Drive, 8LS)
|
Batting: RHB Jim Norris
|
0-0: Called Strike 0-1: Ball 1-1: Swinging Strike 1-2: Strikes out swinging
|
Bottom of the 4th over - 0 run(s), 1 hit(s), 0 error(s), 1 left on base; Maris School 1 - Bishop Amat HS 4 |
TOP OF THE 5TH |
Maris School batting - Pitching for Bishop Amat HS : RHP William Roy
|
Batting: LHB Dustin Wesman
|
0-0: Swinging Strike 0-1: Ball 1-1: Ball 2-1: Ball 3-1: Base on Balls
|
Batting: RHB Jared Chávez
|
0-0: Foul Ball, location: 2F 0-1: Swinging Strike 0-2: Ball 1-2: Strikes out swinging
|
Batting: RHB Ed Jackson
|
0-0: Foul Ball, location: 2F 0-1: Ball 1-1: SINGLE (Groundball, 4D) Dustin Wesman to second Runner from 2nd tries for 3rd, SAFE, throw made to third Ed Jackson to second
|
Batting: RHB Dave McGuire
|
0-0: Ball 1-0: Ball 2-0: Ball 3-0: Base on Balls
|
Batting: RHB Dan Duckworth
|
0-0: Ball 1-0: Ball 2-0: Swinging Strike 2-1: Swinging Strike 2-2: Foul Ball, location: 2F 2-2: Strikes out swinging
|
Pitching: RHP Carlos Fernández
|
|
Batting: RHB John Scammell
|
0-0: Ground out U3 (Groundball, 3S)
|
Top of the 5th over - 0 run(s), 1 hit(s), 0 error(s), 3 left on base; Maris School 1 - Bishop Amat HS 4 |
BOTTOM OF THE 5TH |
Bishop Amat HS batting - Pitching for Maris School : LHP Brant Goff
|
Batting: RHB Steve Bańuelos
|
0-0: Ball 1-0: Ground out 4-3 (Groundball, 4)
|
Batting: RHB Ben Martin
|
0-0: Swinging Strike 0-1: Foul Ball, location: 2F 0-2: Ball 1-2: Strikes out swinging
|
Batting: RHB Andrew Miller
|
0-0: Called Strike 0-1: Ball 1-1: Foul Ball, location: 2F 1-2: Ball 2-2: Strikes out swinging
|
Bottom of the 5th over - 0 run(s), 0 hit(s), 0 error(s), 0 left on base; Maris School 1 - Bishop Amat HS 4 |
TOP OF THE 6TH |
Maris School batting - Pitching for Bishop Amat HS : RHP Carlos Fernández
|
Batting: LHB Ryan Martin
|
0-0: Called Strike 0-1: Ball 1-1: Ball 2-1: Foul Ball, location: 2F 2-2: Foul Ball, location: 2F 2-2: Ball 3-2: Base on Balls
|
Batting: RHB Bruce Adams
|
Pickoff Throw to First - Out! 0-0: Ball 1-0: Swinging Strike 1-1: Swinging Strike 1-2: Foul Ball, location: 2F 1-2: Fly out, F7 (Flyball, 7LM)
|
Batting: RHB Doug Carter
|
0-0: Called Strike 0-1: Ball 1-1: Swinging Strike 1-2: Ball 2-2: Foul Ball, location: 2F 2-2: Strikes out swinging
|
Top of the 6th over - 0 run(s), 0 hit(s), 0 error(s), 0 left on base; Maris School 1 - Bishop Amat HS 4 |
BOTTOM OF THE 6TH |
Bishop Amat HS batting - Pitching for Maris School : LHP Brant Goff
|
Pitching: RHP Rob Mullins
|
|
Batting: RHB Alan Williams
|
0-0: Called Strike 0-1: Ball 1-1: SINGLE (Groundball, 34)
|
Batting: RHB Lou Perry
|
0-0: Ball 1-0: Called Strike 1-1: Called Strike Alan Williams steals 2nd base 1-2: Ground out 6-3 (Groundball, 6) Alan Williams to third
|
Batting: RHB Ken Pérez
|
0-0: Called Strike 0-1: Ball 1-1: 2-RUN HOME RUN (Flyball, 7D), Distance : 369 ft
|
Batting: LHB Mathew Clayton
|
0-0: Foul Ball, location: 2F 0-1: Ball 1-1: SINGLE (Groundball, 4M)
|
Batting: RHB Ralph Petit
|
0-0: Called Strike 0-1: Ball 1-1: Ball 2-1: Foul Ball, location: 2F 2-2: DOUBLE (Line Drive, 8RM) Mathew Clayton to third
|
Pinch Runner at 2nd Edison Knight:
|
|
Batting: RHB Jim Norris
|
0-0: Ball 1-0: Fly out, F9 (Flyball, 9D) Runner from 3rd tags up, SCORES, no throw Edison Knight to third
|
Batting: RHB Steve Bańuelos
|
0-0: Called Strike 0-1: Ball 1-1: Ball 2-1: Ball 3-1: Foul Ball, location: 2F 3-2: Base on Balls
|
Batting: RHB Ben Martin
|
0-0: Called Strike 0-1: DOUBLE (Flyball, 8RM) Edison Knight scores Steve Bańuelos to third Runner from 3rd tries for Home, SAFE, no throw or cutoff
|
Pitching: LHP Rick Wolf
|
|
Batting: RHB Andrew Miller
|
0-0: Ball 1-0: Called Strike 1-1: Fly out, F7 (Flyball, 7M)
|
Bottom of the 6th over - 5 run(s), 5 hit(s), 0 error(s), 1 left on base; Maris School 1 - Bishop Amat HS 9 |
TOP OF THE 7TH |
Maris School batting - Pitching for Bishop Amat HS : RHP Carlos Fernández
|
Now in CF: Edison Knight
|
|
Batting: LHB Dustin Wesman
|
0-0: Fly out, F7 (Flyball, 78S)
|
Batting: RHB Jared Chávez
|
0-0: Called Strike 0-1: Foul Ball, location: 2F 0-2: Foul Ball, location: 2F 0-2: Ball 1-2: Strikes out swinging
|
Batting: RHB Ed Jackson
|
0-0: Called Strike 0-1: Ball 1-1: Ball 2-1: Bunt missed! 2-2: SINGLE (Groundball, 6MD)
|
Batting: RHB Dave McGuire
|
0-0: Called Strike 0-1: Swinging Strike 0-2: Ball 1-2: Ball 2-2: Foul Ball, location: 2F 2-2: Foul Ball, location: 2F 2-2: Ball 3-2: Base on Balls Ed Jackson to second
|
Batting: RHB Dan Duckworth
|
0-0: Ground out 6-3 (Groundball, 6)
|
Top of the 7th over - 0 run(s), 1 hit(s), 0 error(s), 2 left on base; Maris School 1 - Bishop Amat HS 9 |
BOTTOM OF THE 7TH |
Bishop Amat HS batting - Pitching for Maris School : LHP Rick Wolf
|
Batting: RHB Alan Williams
|
0-0: Ball 1-0: Ball 2-0: SINGLE (Line Drive, 6)
|
Batting: RHB Lou Perry
|
0-0: Sac Bunt - play at first, batter OUT! U3 Alan Williams to second
|
Batting: RHB Ken Pérez
|
0-0: Ball 1-0: SINGLE (Line Drive, 89S) Alan Williams to third Runner from 3rd tries for Home, SAFE, no throw or cutoff
|
Batting: LHB Mathew Clayton
|
0-0: Foul Ball, location: 2F 0-1: Ball 1-1: Fly out, F9 (Line Drive, 9M)
|
Batting: RHB Edison Knight
|
0-0: Fielders Choice at 2nd, 5-4 (Groundball, 5)
|
Bottom of the 7th over - 1 run(s), 2 hit(s), 0 error(s), 0 left on base; Maris School 1 - Bishop Amat HS 10 |
TOP OF THE 8TH |
Maris School batting - Pitching for Bishop Amat HS : RHP Carlos Fernández
|
Pitching: RHP Carlos López
|
|
Batting: RHB John Scammell
|
0-0: Ball 1-0: Foul Ball, location: 2F 1-1: Foul Ball, location: 2F 1-2: Foul Ball, location: 2F 1-2: Ball 2-2: Foul Ball, location: 2F 2-2: Foul Ball, location: 2F 2-2: Foul Ball, location: 2F 2-2: Ball 3-2: Foul Ball, location: 2F 3-2: Fly out, F6 (Line Drive, 6)
|
Batting: LHB Ryan Martin
|
0-0: Called Strike 0-1: Called Strike 0-2: Ball 1-2: Foul Ball, location: 2F 1-2: Fly out, F7 (Popup, 6MD)
|
Batting: RHB Bruce Adams
|
0-0: Ball 1-0: Ball 2-0: Ball 3-0: Base on Balls
|
Batting: RHB Doug Carter
|
0-0: Foul Ball, location: 2F 0-1: Ball 1-1: Ball 2-1: Fielders Choice at 2nd, 6-4 (Groundball, 6)
|
Top of the 8th over - 0 run(s), 0 hit(s), 0 error(s), 0 left on base; Maris School 1 - Bishop Amat HS 10 |
BOTTOM OF THE 8TH |
Bishop Amat HS batting - Pitching for Maris School : LHP Rick Wolf
|
Batting: RHB Jim Norris
|
0-0: Called Strike 0-1: Ball 1-1: Called Strike 1-2: Ball 2-2: Ball 3-2: Strikes out swinging
|
Batting: RHB Steve Bańuelos
|
0-0: Ball 1-0: Called Strike 1-1: Foul Ball, location: 2F 1-2: Strikes out swinging
|
Batting: RHB Ben Martin
|
0-0: Foul Ball, location: 2F 0-1: Foul Ball, location: 2F 0-2: Ground out 1-3 (Groundball, 13)
|
Bottom of the 8th over - 0 run(s), 0 hit(s), 0 error(s), 0 left on base; Maris School 1 - Bishop Amat HS 10 |
TOP OF THE 9TH |
Maris School batting - Pitching for Bishop Amat HS : RHP Carlos López
|
Batting: LHB Dustin Wesman
|
0-0: Called Strike 0-1: Ball 1-1: Fly out, F8 (Flyball, 8RM)
|
Batting: RHB Jared Chávez
|
0-0: Ball 1-0: Ball 2-0: Ball 3-0: Called Strike 3-1: Foul Ball, location: 2F 3-2: Strikes out swinging
|
Batting: RHB Ed Jackson
|
0-0: Ball 1-0: Foul Ball, location: 2F 1-1: Foul Ball, location: 2F 1-2: Ground out 6-3 (Groundball, 6M)
|
Top of the 9th over - 0 run(s), 0 hit(s), 0 error(s), 0 left on base; Maris School 1 - Bishop Amat HS 10 |
|